Workbook
Name club: Parametre!$A$3:$A$381
Name Prixlicencejunior: Parametre!$M$12
Name prixlicencesenior: Parametre!$M$11
Name pxduplicatajeune: Parametre!$M$16
Name pxduplicatajeunes: Parametre!$M$15
Name pxduplicatajunior: Parametre!$M$15
Name pxduplicatasenior: Parametre!$M$14
Name pxlicencejeune: Parametre!$M$13
Name pxlicencesenior: Parametre!#REF!
Name pxlicencesenior: Parametre!$M$12

Sheet Parametre
A1: CLUB | B1: CLUB_NOM | C1: Contact | D1: Adresse | E1: CP | F1: Ville | G1: code ste | L1: Paramètre licence
A2: Saisir club | B2: saisir club | C2: saisir club | D2: saisir club | E2: saisir club | F2: saisir club | G2: saisir club
A3: AUDIERNE | B3: PET DES 2 RIVES AUDIERNE | C3: Patricia CORIOU | D3: Kervéguem | E3: 29770 | F3: GOULIEN | G3: 202 | L3: Catégorie licence :
A4: BAIE DU KERNIC | B4: P C BAIE DU KERNIC | C4: Eric JEZEQUEL | D4: 372, Plesquivit | E4: 29430 | F4: PLOUNEVEZ LOCHRIST | G4: 211 | L4: Seniors né en | M4: 2008 | N4: Et avant
A5: BANNALEC | B5: PET.GENETS D'OR BANNALEC | C5: Patrice JAOUEN | D5: 522, rue de Quimperlé | E5: 29380 | F5: LE TREVOUX | G5: 139 | L5: Vétérans né en | M5: 1966 | N5: Et avant
A6: BENODET | B6: P C DE L'ODET BENODET | C6: Mairie de BENODET | D6: Place du Général de Gaulle | E6: 29950 | F6: BENODET | G6: 45 | L6: Juniors né en | M6: 2009 | N6: 2010 | O6: 2011
A7: BOHARS | B7: BOHARS PETANQUE | C7: Claude MENGUY | D7: 13 bis, rue du Général Margueritte | E7: 29200 | F7: BREST | G7: 224 | L7: Cadets né en | M7: 2012 | N7: 2013 | O7: 2014
A8: CARHAIX CARHAISIENNE | B8: PETANQUE CARHAISIENNE/PLOUYEZIENNE | C8: Gilles ESPAGNET | D8: 66, Lannouenec | E8: 29270 | F8: CARHAIX | G8: 230 | L8: Minimes né en | M8: 2015 | N8: 2016 | O8: 2017
A9: CHATEAUNEUF | B9: PET CHATEAUNEUVIENNE | C9: Jimmy LEYMARIE | D9: 6, Kerbiligued | E9: 29520 | F9: CHATEAUNEF DU FAOU | G9: 148
A10: CLEDER | B10: P C CLEDEROIS | C10: Jean-Claude LE BOULC'H | D10: 27, rue de Kermargar | E10: 29233 | F10: CLEDER | G10: 20 | L10: Tarif | M10: ss rvlt carte | N10: avec rvlt carte | O10: 5
A11: CLOHARS | B11: PETANQUE CLOHARSIENNE | D11: 11 bis, route de Quimperlé | E11: 29360 | F11: CLOHARS CARNOET | G11: 235 | L11: Senior | M11: 33 | N11: 38
A12: COATAUDON | B12: A L COATAUDON PET GUIPAVAS | C12: Cathy THOMAS | D12: 1, rue de Kerjoly | E12: 29290 | F12: LANRIVOARE | G12: 201 | L12: Junior | M12: 22 | N12: 27
A13: COATELAN | B13: C A COATELAN PLOUGONVEN | C13: Aurore CORBIC | D13: 28, rue Joseph Lécuyer | E13: 29640 | F13: PLOUGONVEN | G13: 177 | L13: Benj, Minimes, Cadets | M13: 12 | N13: 17
A14: COMBRIT | B14: PETANQUE COMBRITOISE | C14: Hervé SILVA | D14: 10A, an Hent Coz | E14: 29120 | F14: PONT L'ABBE | G14: 153 | L14: seniorduplicata | M14: 20
A15: DOUARNENEZ | B15: DOUARNENEZ PET. TREBOULISTE | C15: Martine TREBAOL | D15: 40, rue Joséphine Pencalet | E15: 29100 | F15: DOUARNENEZ | G15: 17 | L15: juniorduplicata | M15: 10
A16: DOURIC AR ZIN | B16: PET DOURIC AR ZIN CONCARNEAU | C16: Joël LE DANTEC | D16: 7, rue de Belle Île en Mer | E16: 29900 | F16: CONCARNEAU | G16: 89 | L16: jeuneduplicata | M16: 5
A17: ECKMUHL PENMARCH | B17: ECKMUHL PENMARC'H PETANQUE | C17: Pierre-Yves STEPHAN | D17: Village Les Etocs 310, rue Victor Hugo KERITY | E17: 29760 | F17: PENMARC'H | G17: 237
A18: ELLIANT | B18: PETANQUE ELLIANTAISE | C18: Alexis LHERBE | D18: 1, rue Pasteur | E18: 29370 | F18: ELLIANT | G18: 225
A19: ERGUE GABERIC | B19: PETANQUE GABERICOISE | C19: Frédéric CHIQUET | D19: 31, rue de Beethoven | E19: 29500 | F19: ERGUE GABERIC | G19: 206
A20: FOUESNANT | B20: PETANQUE FOUESNANTAISE | C20: Odile RANNOU | D20: 71, route de Clohars Fouesnant | E20: 29950 | F20: BENODET | G20: 149
A21: GOUESNOU | B21: PETANQUE GOUESNOUSIENNE | C21: Daniel DUBUY | D21: 717, Treguestan Uhella | E21: 29880 | F21: PLOUGUERNEAU | G21: 157
A22: GUILERS | B22: INTEGRALE GUILERIENNE | C22: Jean-Pierre JACQ | D22: 1, rue de Fougères | E22: 29200 | F22: BREST | G22: 121
A23: GUIPAVAS | B23: PETANQUE GUIPAVASIENNE | C23: Mikaël BERTHIER | D23: 8, rue Olivier Saladin | E23: 29800 | F23: PENCRAN | G23: 222
A24: HUELGOAT | B24: PETANQUE HUELGOATAINE | C24: Michel QUEMENER | D24: 23, rue de Toul ar C'hoat | E24: 29690 | F24: HUELGOAT | G24: 64
A25: KERHORRE | B25: KERHORRE PETANQUE | C25: Nelly SENE | D25: 7, rue Eric Tabarly | E25: 29800 | F25: PENCRAN | G25: 107
A26: KERLOUAN | B26: PETANQUE KERLOUANAISE | C26: Jean-Marc MARTINEZ | D26: 8, rue Chanoine Bellec | E26: 29890 | F26: PLOUNEOUR BRIGNOGAN PLAGES | G26: 145
A27: KERSAINT PLABENNEC | B27: PETANQUE KERSAINTAISE | C27: Nicolas TANGUY | D27: 4, rue Abbé Ricou | E27: 29200 | F27: BREST | G27: 226
A28: LA ROCHE MAURICE | B28: C P ROCHOIS | C28: Nelly STEPHAN | D28: 198, rue de la Fontaine | E28: 29800 | F28: PLOUEDERN | G28: 101
... A67: ST MARTINOISE | B67: PET SAINT MARTINOISE | C67: Yves LE LIDEC | D67: 7, rue Kan ar Gwez | E67: 29600 | F67: PLOURIN LES MORLAIX | G67: 95
A68: ST POL DE LEON | B68: PETANQUE CLUB LEONARD | C68: Philippe STEPHAN | D68: 14, rue Pen-ar-Ru | E68: 29250 ST POL DE LEON | G68: 217
A69: ST RENAN | B69: C P RENANAIS | C69: Christian QUILLEVERE | D69: 8, Place aux Chevaux | E69: 29290 | F69: ST RENAN | G69: 6
A70: ST THEGONNEC | B70: P C SAINT THEGONNEC | C70: François-Louis CORRE | D70: 2, rue des Cyprés | E70: 29410 | F70: ST THEGONNEC LOC EGUINER | G70: 73
A71: TREGOUREZ | B71: PETANQUE TREGOUREZ | C71: Cédric EVEILLARD | D71: 22, rue de Roudouallec | E71: 29520 | F71: LAZ | G71: 239
A72: TREMEVEN | B72: P C TREMEVENOIS | C72: Réjane CHRISTIEN | D72: 22, rue des Ajoncs | E72: 29300 | F72: TREMEVEN | G72: 155

Sheet DONNEES CLUB
A3: LICENCE | B3: 2026
A5: Selectionner votre club :
J6: MUTATION
A7: Date de la demande | B7: =TODAY() -> 46057
A9: ADRESSE PAR DEFAUT :
A10: Chez : | B10: =+IF(B17="",VLOOKUP($B$5,Parametre!$A:$H,3,FALSE),"") -> #N/A
A11: Adresse : | B11: =IF($B$10="","",VLOOKUP($B$5,Parametre!$A:$H,4,FALSE)) -> #N/A
A12: code Postal : | B12: =IF($B$10="","",VLOOKUP($B$5,Parametre!$A:$H,5,FALSE)) -> #N/A
A13: Ville : | B13: =IF($B$10="","",VLOOKUP($B$5,Parametre!$A:$H,6,FALSE)) -> #N/A
A15: SAISIR une adresse pour une expédition différente de celle indiquée ci ddessus
A17: Chez :
A18: Adresse :
A19: code Postal :
A20: Ville :

Sheet Renouvellements sans carte
I2: MUTATION
E5: CLUB | F5: ='DONNEES CLUB'!$B$5 -> 0 | I5: N° | J5: =+VLOOKUP($F$5,Parametre!A:G,7,FALSE) -> #N/A | N5: Nom et adresse du retour | P5: =VLOOKUP(F5,Parametre!A:G,2,FALSE) -> #N/A
N6: Chez : | P6: =+IF('DONNEES CLUB'!$B$10="",'DONNEES CLUB'!B17,'DONNEES CLUB'!B10) -> #N/A
E7: DATE | F7: =IF('DONNEES CLUB'!B7="","merci de saisir une date dans onglet de club",'DONNEES CLUB'!B7) -> 46057 | O7: 2901812 | P7: =+IF('DONNEES CLUB'!$B$10="",'DONNEES CLUB'!B18,'DONNEES CLUB'!B11) -> #N/A | U7: LANDEDA | V7: FR | W7: 42730 | X7: 2017
P8: =+IF('DONNEES CLUB'!$B$10="",'DONNEES CLUB'!B19,'DONNEES CLUB'!B12) -> #N/A | Q8: =+IF('DONNEES CLUB'!$B$10="",'DONNEES CLUB'!B20,'DONNEES CLUB'!B13) -> #N/A
E10: Feuille | F10: RENOUVELLEMENTS SANS CARTE
F14: => positionnez vous sur la cellule de couleur, puis mettre la carte sur le lecteur
A16: nbre de licence | B16: catégorie | C16: renouvellement | D16: OK | E16: Nom | F16: Prénom | G16: Date de Naissance | H16: Nationalité | I16: Sexe M ou F | J16: Zone | K16: Département | L16: N° de Licence | M16: N° Club de l'année précédente | N16: Adresse Complète | S16: Mineurs: Date du Questionnaire Santé date : | T16: Date du dernier certificat (ne rien saisir ICI !!) | U16: année licence | V16: catégorie | W16: CAT | X16: Niveau | Y16: QR QODE PAPIER (P) ou DEMAT (D) | Z16: Adresse Mail ou Numéro Portable obligatoire | AA16: TITULAIRE carte MOBILITE INCLUSION pour les personnes en situation d'handicap | AB16: ACCORD PUB | AC16: Atteste avoir lu les inforamations de la CNIL et MMA
A17: =+IF(E17<>"",1,"") | B17: =+IF(A17=1,IF(YEAR(G17)>=Parametre!$M$7,"Licence Benjamin, Minime, Cadet",IF(YEAR(G17)<=Parametre!$M$4,"licence Sénior","licence Junior")),"") | C17: =+IF(A17=1,IF(OR(K17<>29,M17<>$J$5),$F$10,"RENOUVELLEMENTS SANS CARTE"),"") | D17: =+IF(OR(C17=$F$10,C17=""),"","erreur")
A18: =+IF(E18<>"",1,"") | B18: =+IF(A18=1,IF(YEAR(G18)>=Parametre!$M$7,"Licence Benjamin, Minime, Cadet",IF(YEAR(G18)<=Parametre!$M$4,"licence Sénior","licence Junior")),"") | C18: =+IF(A18=1,IF(OR(K18<>29,M18<>$J$5),$F$10,"RENOUVELLEMENTS SANS CARTE"),"") | D18: =+IF(OR(C18=$F$10,C18=""),"","erreur")
A19: =+IF(E19<>"",1,"") | B19: =+IF(A19=1,IF(YEAR(G19)>=Parametre!$M$7,"Licence Benjamin, Minime, Cadet",IF(YEAR(G19)<=Parametre!$M$4,"licence Sénior","licence Junior")),"") | C19: =+IF(A19=1,IF(OR(K19<>29,M19<>$J$5),$F$10,"RENOUVELLEMENTS SANS CARTE"),"") | D19: =+IF(OR(C19=$F$10,C19=""),"","erreur")
A20: =+IF(E20<>"",1,"") | B20: =+IF(A20=1,IF(YEAR(G20)>=Parametre!$M$7,"Licence Benjamin, Minime, Cadet",IF(YEAR(G20)<=Parametre!$M$4,"licence Sénior","licence Junior")),"") | C20: =+IF(A20=1,IF(OR(K20<>29,M20<>$J$5),$F$10,"RENOUVELLEMENTS SANS CARTE"),"") | D20: =+IF(OR(C20=$F$10,C20=""),"","erreur")
A21: =+IF(E21<>"",1,"") | B21: =+IF(A21=1,IF(YEAR(G21)>=Parametre!$M$7,"Licence Benjamin, Minime, Cadet",IF(YEAR(G21)<=Parametre!$M$4,"licence Sénior","licence Junior")),"") | C21: =+IF(A21=1,IF(OR(K21<>29,M21<>$J$5),$F$10,"RENOUVELLEMENTS SANS CARTE"),"") | D21: =+IF(OR(C21=$F$10,C21=""),"","erreur")
A22: =+IF(E22<>"",1,"") | B22: =+IF(A22=1,IF(YEAR(G22)>=Parametre!$M$7,"Licence Benjamin, Minime, Cadet",IF(YEAR(G22)<=Parametre!$M$4,"licence Sénior","licence Junior")),"") | C22: =+IF(A22=1,IF(OR(K22<>29,M22<>$J$5),$F$10,"RENOUVELLEMENTS SANS CARTE"),"") | D22: =+IF(OR(C22=$F$10,C22=""),"","erreur")
A23: =+IF(E23<>"",1,"") | B23: =+IF(A23=1,IF(YEAR(G23)>=Parametre!$M$7,"Licence Benjamin, Minime, Cadet",IF(YEAR(G23)<=Parametre!$M$4,"licence Sénior","licence Junior")),"") | C23: =+IF(A23=1,IF(OR(K23<>29,M23<>$J$5),$F$10,"RENOUVELLEMENTS SANS CARTE"),"") | D23: =+IF(OR(C23=$F$10,C23=""),"","erreur")
A24: =+IF(E24<>"",1,"") | B24: =+IF(A24=1,IF(YEAR(G24)>=Parametre!$M$7,"Licence Benjamin, Minime, Cadet",IF(YEAR(G24)<=Parametre!$M$4,"licence Sénior","licence Junior")),"") | C24: =+IF(A24=1,IF(OR(K24<>29,M24<>$J$5),$F$10,"RENOUVELLEMENTS SANS CARTE"),"") | D24: =+IF(OR(C24=$F$10,C24=""),"","erreur")
A25: =+IF(E25<>"",1,"") | B25: =+IF(A25=1,IF(YEAR(G25)>=Parametre!$M$7,"Licence Benjamin, Minime, Cadet",IF(YEAR(G25)<=Parametre!$M$4,"licence Sénior","licence Junior")),"") | C25: =+IF(A25=1,IF(OR(K25<>29,M25<>$J$5),$F$10,"RENOUVELLEMENTS SANS CARTE"),"") | D25: =+IF(OR(C25=$F$10,C25=""),"","erreur")
A26: =+IF(E26<>"",1,"") | B26: =+IF(A26=1,IF(YEAR(G26)>=Parametre!$M$7,"Licence Benjamin, Minime, Cadet",IF(YEAR(G26)<=Parametre!$M$4,"licence Sénior","licence Junior")),"") | C26: =+IF(A26=1,IF(OR(K26<>29,M26<>$J$5),$F$10,"RENOUVELLEMENTS SANS CARTE"),"") | D26: =+IF(OR(C26=$F$10,C26=""),"","erreur")
A27: =+IF(E27<>"",1,"") | B27: =+IF(A27=1,IF(YEAR(G27)>=Parametre!$M$7,"Licence Benjamin, Minime, Cadet",IF(YEAR(G27)<=Parametre!$M$4,"licence Sénior","licence Junior")),"") | C27: =+IF(A27=1,IF(OR(K27<>29,M27<>$J$5),$F$10,"RENOUVELLEMENTS SANS CARTE"),"") | D27: =+IF(OR(C27=$F$10,C27=""),"","erreur")
A28: =+IF(E28<>"",1,"") | B28: =+IF(A28=1,IF(YEAR(G28)>=Parametre!$M$7,"Licence Benjamin, Minime, Cadet",IF(YEAR(G28)<=Parametre!$M$4,"licence Sénior","licence Junior")),"") | C28: =+IF(A28=1,IF(OR(K28<>29,M28<>$J$5),$F$10,"RENOUVELLEMENTS SANS CARTE"),"") | D28: =+IF(OR(C28=$F$10,C28=""),"","erreur")
... A410: =+IF(E410<>"",1,"") | B410: =+IF(A410=1,IF(YEAR(G410)>=Parametre!$M$7,"Licence Benjamin, Minime, Cadet",IF(YEAR(G410)<=Parametre!$M$4,"licence Sénior","licence Junior")),"") | C410: =+IF(A410=1,IF(OR(K410<>29,M410<>$J$5),$F$10,"RENOUVELLEMENTS SANS CARTE"),"") | D410: =+IF(OR(C410=$F$10,C410=""),"","erreur")

Sheet Renouvellements avec carte
I2: MUTATION
E5: CLUB | F5: ='DONNEES CLUB'!$B$5 -> 0 | I5: N° | J5: =+VLOOKUP($F$5,Parametre!A:G,7,FALSE) -> #N/A | N5: Nom et adresse du retour | P5: =VLOOKUP(F5,Parametre!A:G,2,FALSE) -> #N/A
N6: Chez : | P6: =+IF('DONNEES CLUB'!$B$10="",'DONNEES CLUB'!B17,'DONNEES CLUB'!B10) -> #N/A
E7: DATE | F7: =IF('DONNEES CLUB'!B7="","merci de saisir une date dans onglet de club",'DONNEES CLUB'!B7) -> 46057 | O7: 2901812 | P7: =+IF('DONNEES CLUB'!$B$10="",'DONNEES CLUB'!B18,'DONNEES CLUB'!B11) -> #N/A | U7: LANDEDA | V7: FR | W7: 42730 | X7: 2017
P8: =+IF('DONNEES CLUB'!$B$10="",'DONNEES CLUB'!B19,'DONNEES CLUB'!B12) -> #N/A | Q8: =+IF('DONNEES CLUB'!$B$10="",'DONNEES CLUB'!B20,'DONNEES CLUB'!B13) -> #N/A
E10: Feuille | F10: RENOUVELLEMENTS AVEC CARTE
E12: => /!\ A utiliser UNIQUEMENT pour les licences perdues, cassées et en très mauvais état au moment du renouvellement.
E13: => Renseigner toutes les cellules.
A16: nbre de licence | B16: catégorie | C16: renouvellement | D16: OK | E16: Nom | F16: Prénom | G16: Date de Naissance | H16: Nationalité | I16: Sexe M ou F | J16: Zone | K16: Département | L16: N° de Licence | M16: N° Club de l'année précédente | N16: Adresse Complète | S16: Mineurs: Date du Questionnaire Santé | T16: Date du dernier certificat (ne rien saisir ICI !!) | U16: année licence | V16: catégorie | W16: CAT | X16: Niveau
A17: =+IF(E17<>"",1,"") | B17: =+IF(A17=1,IF(YEAR(G17)>=Parametre!$M$7,"Licence Benjamin, Minime, Cadet",IF(YEAR(G17)<=Parametre!$M$4,"licence Sénior","licence Junior")),"") | C17: =+IF(A17=1,IF(OR(K17<>29,M17<>$J$5),$F$10,"RENOUVELLEMENTS AVEC CARTE"),"") | D17: =+IF(OR(C17=$F$10,C17=""),"","erreur") | U17: 2017 | V17: P | W17: 5 | X17: 0
A18: =+IF(E18<>"",1,"") | B18: =+IF(A18=1,IF(YEAR(G18)>=Parametre!$M$7,"Licence Benjamin, Minime, Cadet",IF(YEAR(G18)<=Parametre!$M$4,"licence Sénior","licence Junior")),"") | C18: =+IF(A18=1,IF(OR(K18<>29,M18<>$J$5),$F$10,"RENOUVELLEMENTS AVEC CARTE"),"") | D18: =+IF(OR(C18=$F$10,C18=""),"","erreur") | U18: 2017 | V18: P | W18: 5 | X18: 0
A19: =+IF(E19<>"",1,"") | B19: =+IF(A19=1,IF(YEAR(G19)>=Parametre!$M$7,"Licence Benjamin, Minime, Cadet",IF(YEAR(G19)<=Parametre!$M$4,"licence Sénior","licence Junior")),"") | C19: =+IF(A19=1,IF(OR(K19<>29,M19<>$J$5),$F$10,"RENOUVELLEMENTS AVEC CARTE"),"") | D19: =+IF(OR(C19=$F$10,C19=""),"","erreur") | U19: 2017 | V19: P | W19: 5 | X19: 0
A20: =+IF(E20<>"",1,"") | B20: =+IF(A20=1,IF(YEAR(G20)>=Parametre!$M$7,"Licence Benjamin, Minime, Cadet",IF(YEAR(G20)<=Parametre!$M$4,"licence Sénior","licence Junior")),"") | C20: =+IF(A20=1,IF(OR(K20<>29,M20<>$J$5),$F$10,"RENOUVELLEMENTS AVEC CARTE"),"") | D20: =+IF(OR(C20=$F$10,C20=""),"","erreur") | U20: 2017 | V20: P | W20: 5 | X20: 0
A21: =+IF(E21<>"",1,"") | B21: =+IF(A21=1,IF(YEAR(G21)>=Parametre!$M$7,"Licence Benjamin, Minime, Cadet",IF(YEAR(G21)<=Parametre!$M$4,"licence Sénior","licence Junior")),"") | C21: =+IF(A21=1,IF(OR(K21<>29,M21<>$J$5),$F$10,"RENOUVELLEMENTS AVEC CARTE"),"") | D21: =+IF(OR(C21=$F$10,C21=""),"","erreur") | U21: 2017 | V21: P | W21: 5 | X21: 0
A22: =+IF(E22<>"",1,"") | B22: =+IF(A22=1,IF(YEAR(G22)>=Parametre!$M$7,"Licence Benjamin, Minime, Cadet",IF(YEAR(G22)<=Parametre!$M$4,"licence Sénior","licence Junior")),"") | C22: =+IF(A22=1,IF(OR(K22<>29,M22<>$J$5),$F$10,"RENOUVELLEMENTS AVEC CARTE"),"") | D22: =+IF(OR(C22=$F$10,C22=""),"","erreur") | U22: 2017 | V22: P | W22: 5 | X22: 0
A23: =+IF(E23<>"",1,"") | B23: =+IF(A23=1,IF(YEAR(G23)>=Parametre!$M$7,"Licence Benjamin, Minime, Cadet",IF(YEAR(G23)<=Parametre!$M$4,"licence Sénior","licence Junior")),"") | C23: =+IF(A23=1,IF(OR(K23<>29,M23<>$J$5),$F$10,"RENOUVELLEMENTS AVEC CARTE"),"") | D23: =+IF(OR(C23=$F$10,C23=""),"","erreur") | U23: 2017 | V23: P | W23: 5 | X23: 0
A24: =+IF(E24<>"",1,"") | B24: =+IF(A24=1,IF(YEAR(G24)>=Parametre!$M$7,"Licence Benjamin, Minime, Cadet",IF(YEAR(G24)<=Parametre!$M$4,"licence Sénior","licence Junior")),"") | C24: =+IF(A24=1,IF(OR(K24<>29,M24<>$J$5),$F$10,"RENOUVELLEMENTS AVEC CARTE"),"") | D24: =+IF(OR(C24=$F$10,C24=""),"","erreur") | U24: 2017 | V24: P | W24: 5 | X24: 0
A25: =+IF(E25<>"",1,"") | B25: =+IF(A25=1,IF(YEAR(G25)>=Parametre!$M$7,"Licence Benjamin, Minime, Cadet",IF(YEAR(G25)<=Parametre!$M$4,"licence Sénior","licence Junior")),"") | C25: =+IF(A25=1,IF(OR(K25<>29,M25<>$J$5),$F$10,"RENOUVELLEMENTS AVEC CARTE"),"") | D25: =+IF(OR(C25=$F$10,C25=""),"","erreur") | U25: 2017 | V25: P | W25: 5 | X25: 0
A26: =+IF(E26<>"",1,"") | B26: =+IF(A26=1,IF(YEAR(G26)>=Parametre!$M$7,"Licence Benjamin, Minime, Cadet",IF(YEAR(G26)<=Parametre!$M$4,"licence Sénior","licence Junior")),"") | C26: =+IF(A26=1,IF(OR(K26<>29,M26<>$J$5),$F$10,"RENOUVELLEMENTS AVEC CARTE"),"") | D26: =+IF(OR(C26=$F$10,C26=""),"","erreur") | U26: 2017 | V26: P | W26: 5 | X26: 0
A27: =+IF(E27<>"",1,"") | B27: =+IF(A27=1,IF(YEAR(G27)>=Parametre!$M$7,"Licence Benjamin, Minime, Cadet",IF(YEAR(G27)<=Parametre!$M$4,"licence Sénior","licence Junior")),"") | C27: =+IF(A27=1,IF(OR(K27<>29,M27<>$J$5),$F$10,"RENOUVELLEMENTS AVEC CARTE"),"") | D27: =+IF(OR(C27=$F$10,C27=""),"","erreur") | U27: 2017 | V27: P | W27: 5 | X27: 0
A28: =+IF(E28<>"",1,"") | B28: =+IF(A28=1,IF(YEAR(G28)>=Parametre!$M$7,"Licence Benjamin, Minime, Cadet",IF(YEAR(G28)<=Parametre!$M$4,"licence Sénior","licence Junior")),"") | C28: =+IF(A28=1,IF(OR(K28<>29,M28<>$J$5),$F$10,"RENOUVELLEMENTS AVEC CARTE"),"") | D28: =+IF(OR(C28=$F$10,C28=""),"","erreur") | U28: 2017 | V28: P | W28: 5 | X28: 0
... A61: =+IF(E61<>"",1,"") | B61: =+IF(A61=1,IF(YEAR(G61)>=Parametre!$M$7,"Licence Benjamin, Minime, Cadet",IF(YEAR(G61)<=Parametre!$M$4,"licence Sénior","licence Junior")),"") | C61: =+IF(A61=1,IF(OR(K61<>29,M61<>$J$5),$F$10,"RENOUVELLEMENTS AVEC CARTE"),"") | D61: =+IF(OR(C61=$F$10,C61=""),"","erreur") | U61: 2042 | V61: P | W61: 5 | X61: 0
A62: =+IF(E62<>"",1,"") | B62: =+IF(A62=1,IF(YEAR(G62)>=Parametre!$M$7,"Licence Benjamin, Minime, Cadet",IF(YEAR(G62)<=Parametre!$M$4,"licence Sénior","licence Junior")),"") | C62: =+IF(A62=1,IF(OR(K62<>29,M62<>$J$5),$F$10,"RENOUVELLEMENTS AVEC CARTE"),"") | D62: =+IF(OR(C62=$F$10,C62=""),"","erreur")

Sheet Nouvelles
I2: MUTATION
C3: MUTATION
E5: CLUB | F5: ='DONNEES CLUB'!$B$5 -> 0 | I5: N° | J5: =+VLOOKUP($F$5,Parametre!A:G,7,FALSE) -> #N/A | N5: Nom et adresse du retour | P5: =VLOOKUP(F5,Parametre!A:G,2,FALSE) -> #N/A
N6: Chez : | P6: =+IF('DONNEES CLUB'!$B$10="",'DONNEES CLUB'!B17,'DONNEES CLUB'!B10) -> #N/A
E7: DATE | F7: =IF('DONNEES CLUB'!B7="","merci de saisir une date dans onglet de club",'DONNEES CLUB'!B7) -> 46057 | N7: adresse | P7: =+IF('DONNEES CLUB'!$B$10="",'DONNEES CLUB'!B18,'DONNEES CLUB'!B11) -> #N/A
P8: =+IF('DONNEES CLUB'!$B$10="",'DONNEES CLUB'!B19,'DONNEES CLUB'!B12) -> #N/A | Q8: =+IF('DONNEES CLUB'!$B$10="",'DONNEES CLUB'!B20,'DONNEES CLUB'!B13) -> #N/A
E10: Feuille | F10: NOUVELLES LICENCES
E12: => /!\ A utiliser UNIQUEMENT pour les nouveaux licenciés (sans n° de licence) /!\ Veillez à nous transmettre une photo
E13: => renseigner les cellules de couleur :
A16: nbre de licence | B16: catégorie | C16: renouvellement | D16: OK | E16: Nom | F16: Prénom | G16: Date de Naissance | H16: Nationalité | I16: Sexe M ou F | J16: Zone | K16: Département | L16: N° de Licence | M16: N° Club de l'année précédente | N16: Adresse Complète | S16: Mineurs: Date du Questionnaire Santé date : | T16: Date du dernier certificat (ne rien saisir ICI !!) | U16: année licence | V16: catégorie | W16: CAT | X16: Niveau | Y16: Mineurs: Date du Questionnaire Santé date : | Z16: QR QODE PAPIER (P) ou DEMAT (D) | AA16: Adresse Mail ou Numéro Portable obligatoire | AB16: TITULAIRE carte MOBILITE INCLUSION pour les personnes en situation d'handicap | AC16: ACCORD PUB | AD16: Atteste avoir lu les inforamations de la CNIL et MMA
A17: =+IF(E17<>"",1,"") | B17: =+IF(A17=1,IF(YEAR(G17)>=Parametre!$M$7,"Licence Benjamin, Minime, Cadet",IF(YEAR(G17)<=Parametre!$M$4,"licence Sénior","licence Junior")),"") | C17: =+IF(A17=1,IF(OR(K17<>29,M17<>$J$5),$F$10,"renouvellement"),"") | D17: =+IF(OR(C17=$F$10,C17=""),"","erreur")
A18: =+IF(E18<>"",1,"") | B18: =+IF(A18=1,IF(YEAR(G18)>=Parametre!$M$7,"Licence Benjamin, Minime, Cadet",IF(YEAR(G18)<=Parametre!$M$4,"licence Sénior","licence Junior")),"") | C18: =+IF(A18=1,IF(OR(K18<>29,M18<>$J$5),$F$10,"renouvellement"),"") | D18: =+IF(OR(C18=$F$10,C18=""),"","erreur")
A19: =+IF(E19<>"",1,"") | B19: =+IF(A19=1,IF(YEAR(G19)>=Parametre!$M$7,"Licence Benjamin, Minime, Cadet",IF(YEAR(G19)<=Parametre!$M$4,"licence Sénior","licence Junior")),"") | C19: =+IF(A19=1,IF(OR(K19<>29,M19<>$J$5),$F$10,"renouvellement"),"") | D19: =+IF(OR(C19=$F$10,C19=""),"","erreur")
A20: =+IF(E20<>"",1,"") | B20: =+IF(A20=1,IF(YEAR(G20)>=Parametre!$M$7,"Licence Benjamin, Minime, Cadet",IF(YEAR(G20)<=Parametre!$M$4,"licence Sénior","licence Junior")),"") | C20: =+IF(A20=1,IF(OR(K20<>29,M20<>$J$5),$F$10,"renouvellement"),"") | D20: =+IF(OR(C20=$F$10,C20=""),"","erreur")
A21: =+IF(E21<>"",1,"") | B21: =+IF(A21=1,IF(YEAR(G21)>=Parametre!$M$7,"Licence Benjamin, Minime, Cadet",IF(YEAR(G21)<=Parametre!$M$4,"licence Sénior","licence Junior")),"") | C21: =+IF(A21=1,IF(OR(K21<>29,M21<>$J$5),$F$10,"renouvellement"),"") | D21: =+IF(OR(C21=$F$10,C21=""),"","erreur")
A22: =+IF(E22<>"",1,"") | B22: =+IF(A22=1,IF(YEAR(G22)>=Parametre!$M$7,"Licence Benjamin, Minime, Cadet",IF(YEAR(G22)<=Parametre!$M$4,"licence Sénior","licence Junior")),"") | C22: =+IF(A22=1,IF(OR(K22<>29,M22<>$J$5),$F$10,"renouvellement"),"") | D22: =+IF(OR(C22=$F$10,C22=""),"","erreur")
A23: =+IF(E23<>"",1,"") | B23: =+IF(A23=1,IF(YEAR(G23)>=Parametre!$M$7,"Licence Benjamin, Minime, Cadet",IF(YEAR(G23)<=Parametre!$M$4,"licence Sénior","licence Junior")),"") | C23: =+IF(A23=1,IF(OR(K23<>29,M23<>$J$5),$F$10,"renouvellement"),"") | D23: =+IF(OR(C23=$F$10,C23=""),"","erreur")
A24: =+IF(E24<>"",1,"") | B24: =+IF(A24=1,IF(YEAR(G24)>=Parametre!$M$7,"Licence Benjamin, Minime, Cadet",IF(YEAR(G24)<=Parametre!$M$4,"licence Sénior","licence Junior")),"") | C24: =+IF(A24=1,IF(OR(K24<>29,M24<>$J$5),$F$10,"renouvellement"),"") | D24: =+IF(OR(C24=$F$10,C24=""),"","erreur")
A25: =+IF(E25<>"",1,"") | B25: =+IF(A25=1,IF(YEAR(G25)>=Parametre!$M$7,"Licence Benjamin, Minime, Cadet",IF(YEAR(G25)<=Parametre!$M$4,"licence Sénior","licence Junior")),"") | C25: =+IF(A25=1,IF(OR(K25<>29,M25<>$J$5),$F$10,"renouvellement"),"") | D25: =+IF(OR(C25=$F$10,C25=""),"","erreur")
A26: =+IF(E26<>"",1,"") | B26: =+IF(A26=1,IF(YEAR(G26)>=Parametre!$M$7,"Licence Benjamin, Minime, Cadet",IF(YEAR(G26)<=Parametre!$M$4,"licence Sénior","licence Junior")),"") | C26: =+IF(A26=1,IF(OR(K26<>29,M26<>$J$5),$F$10,"renouvellement"),"") | D26: =+IF(OR(C26=$F$10,C26=""),"","erreur")
A27: =+IF(E27<>"",1,"") | B27: =+IF(A27=1,IF(YEAR(G27)>=Parametre!$M$7,"Licence Benjamin, Minime, Cadet",IF(YEAR(G27)<=Parametre!$M$4,"licence Sénior","licence Junior")),"") | C27: =+IF(A27=1,IF(OR(K27<>29,M27<>$J$5),$F$10,"renouvellement"),"") | D27: =+IF(OR(C27=$F$10,C27=""),"","erreur")
A28: =+IF(E28<>"",1,"") | B28: =+IF(A28=1,IF(YEAR(G28)>=Parametre!$M$7,"Licence Benjamin, Minime, Cadet",IF(YEAR(G28)<=Parametre!$M$4,"licence Sénior","licence Junior")),"") | C28: =+IF(A28=1,IF(OR(K28<>29,M28<>$J$5),$F$10,"renouvellement"),"") | D28: =+IF(OR(C28=$F$10,C28=""),"","erreur")
... A76: =+IF(E76<>"",1,"") | B76: =+IF(A76=1,IF(YEAR(G76)>=Parametre!$M$7,"Licence Benjamin, Minime, Cadet",IF(YEAR(G76)<=Parametre!$M$4,"licence Sénior","licence Junior")),"") | C76: =+IF(A76=1,IF(OR(K76<>29,M76<>$J$5),$F$10,"renouvellement"),"") | D76: =+IF(OR(C76=$F$10,C76=""),"","erreur")

Sheet Mutations
E2: MUTATION
E5: CLUB | F5: ='DONNEES CLUB'!$B$5 -> 0 | I5: N° | J5: =+VLOOKUP($F$5,Parametre!A:G,7,FALSE) -> #N/A | N5: Nom et adresse du retour | P5: =VLOOKUP(F5,Parametre!A:G,2,FALSE) -> #N/A
N6: Chez : | P6: =+IF('DONNEES CLUB'!$B$10="",'DONNEES CLUB'!B17,'DONNEES CLUB'!B10) -> #N/A
E7: DATE | F7: =IF('DONNEES CLUB'!B7="","merci de saisir une date dans onglet de club",'DONNEES CLUB'!B7) -> 46057 | N7: adresse | P7: =+IF('DONNEES CLUB'!$B$10="",'DONNEES CLUB'!B18,'DONNEES CLUB'!B11) -> #N/A
P8: =+IF('DONNEES CLUB'!$B$10="",'DONNEES CLUB'!B19,'DONNEES CLUB'!B12) -> #N/A | Q8: =+IF('DONNEES CLUB'!$B$10="",'DONNEES CLUB'!B20,'DONNEES CLUB'!B13) -> #N/A
E10: Feuille | F10: MUTATIONS
F12: => /!\ A utiliser UNIQUEMENT pour les licenciés venant d'un autre club /!\ Veillez à nous transmettre une photo
F14: => positionnez vous sur la cellule de couleur, puis mettre la carte sur le lecteur ou saisissez manuellement les données.
A16: nbre de licence | B16: catégorie | C16: Mutation / renouvellement / nouvelle | D16: OK | E16: Nom | F16: Prénom | G16: Date de Naissance | H16: Nationalité | I16: Sexe M ou F | J16: Zone | K16: Département | L16: N° de Licence | M16: N° Club de l'année précédente | N16: Adresse Complète | S16: Mineurs: Date du Questionnaire Santé date : | T16: Mineurs: Date du Questionnaire Santé date : | U16: année licence | V16: catégorie | W16: CAT | X16: Niveau | Y16: QR QODE PAPIER (P) ou DEMAT (D) | Z16: Adresse Mail ou Numéro Portable obligatoire | AA16: TITULAIRE carte MOBILITE INCLUSION pour les personnes en situation d'handicap | AB16: ACCORD PUB | AC16: Atteste avoir lu les inforamations de la CNIL et MMA
A17: =+IF(E17<>"",1,"") | B17: =+IF(A17=1,IF(YEAR(G17)>=Parametre!$M$7,"Licence Benjamin, Minime, Cadet",IF(YEAR(G17)<=Parametre!$M$4,"licence Sénior","licence Junior")),"") | C17: =+IF(A17=1,IF(OR(K17<>29,M17<>$J$5),$F$10,"renouvellement"),"") | D17: =+IF(OR(C17=$F$10,C17=""),"","erreur")
A18: =+IF(E18<>"",1,"") | B18: =+IF(A18=1,IF(YEAR(G18)>=Parametre!$M$7,"Licence Benjamin, Minime, Cadet",IF(YEAR(G18)<=Parametre!$M$4,"licence Sénior","licence Junior")),"") | C18: =+IF(A18=1,IF(OR(K18<>29,M18<>$J$5),$F$10,"renouvellement"),"") | D18: =+IF(OR(C18=$F$10,C18=""),"","erreur")
A19: =+IF(E19<>"",1,"") | B19: =+IF(A19=1,IF(YEAR(G19)>=Parametre!$M$7,"Licence Benjamin, Minime, Cadet",IF(YEAR(G19)<=Parametre!$M$4,"licence Sénior","licence Junior")),"") | C19: =+IF(A19=1,IF(OR(K19<>29,M19<>$J$5),$F$10,"renouvellement"),"") | D19: =+IF(OR(C19=$F$10,C19=""),"","erreur")
A20: =+IF(E20<>"",1,"") | B20: =+IF(A20=1,IF(YEAR(G20)>=Parametre!$M$7,"Licence Benjamin, Minime, Cadet",IF(YEAR(G20)<=Parametre!$M$4,"licence Sénior","licence Junior")),"") | C20: =+IF(A20=1,IF(OR(K20<>29,M20<>$J$5),$F$10,"renouvellement"),"") | D20: =+IF(OR(C20=$F$10,C20=""),"","erreur")
A21: =+IF(E21<>"",1,"") | B21: =+IF(A21=1,IF(YEAR(G21)>=Parametre!$M$7,"Licence Benjamin, Minime, Cadet",IF(YEAR(G21)<=Parametre!$M$4,"licence Sénior","licence Junior")),"") | C21: =+IF(A21=1,IF(OR(K21<>29,M21<>$J$5),$F$10,"renouvellement"),"") | D21: =+IF(OR(C21=$F$10,C21=""),"","erreur")
A22: =+IF(E22<>"",1,"") | B22: =+IF(A22=1,IF(YEAR(G22)>=Parametre!$M$7,"Licence Benjamin, Minime, Cadet",IF(YEAR(G22)<=Parametre!$M$4,"licence Sénior","licence Junior")),"") | C22: =+IF(A22=1,IF(OR(K22<>29,M22<>$J$5),$F$10,"renouvellement"),"") | D22: =+IF(OR(C22=$F$10,C22=""),"","erreur")
A23: =+IF(E23<>"",1,"") | B23: =+IF(A23=1,IF(YEAR(G23)>=Parametre!$M$7,"Licence Benjamin, Minime, Cadet",IF(YEAR(G23)<=Parametre!$M$4,"licence Sénior","licence Junior")),"") | C23: =+IF(A23=1,IF(OR(K23<>29,M23<>$J$5),$F$10,"renouvellement"),"") | D23: =+IF(OR(C23=$F$10,C23=""),"","erreur")
A24: =+IF(E24<>"",1,"") | B24: =+IF(A24=1,IF(YEAR(G24)>=Parametre!$M$7,"Licence Benjamin, Minime, Cadet",IF(YEAR(G24)<=Parametre!$M$4,"licence Sénior","licence Junior")),"") | C24: =+IF(A24=1,IF(OR(K24<>29,M24<>$J$5),$F$10,"renouvellement"),"") | D24: =+IF(OR(C24=$F$10,C24=""),"","erreur")
A25: =+IF(E25<>"",1,"") | B25: =+IF(A25=1,IF(YEAR(G25)>=Parametre!$M$7,"Licence Benjamin, Minime, Cadet",IF(YEAR(G25)<=Parametre!$M$4,"licence Sénior","licence Junior")),"") | C25: =+IF(A25=1,IF(OR(K25<>29,M25<>$J$5),$F$10,"renouvellement"),"") | D25: =+IF(OR(C25=$F$10,C25=""),"","erreur")
A26: =+IF(E26<>"",1,"") | B26: =+IF(A26=1,IF(YEAR(G26)>=Parametre!$M$7,"Licence Benjamin, Minime, Cadet",IF(YEAR(G26)<=Parametre!$M$4,"licence Sénior","licence Junior")),"") | C26: =+IF(A26=1,IF(OR(K26<>29,M26<>$J$5),$F$10,"renouvellement"),"") | D26: =+IF(OR(C26=$F$10,C26=""),"","erreur")
A27: =+IF(E27<>"",1,"") | B27: =+IF(A27=1,IF(YEAR(G27)>=Parametre!$M$7,"Licence Benjamin, Minime, Cadet",IF(YEAR(G27)<=Parametre!$M$4,"licence Sénior","licence Junior")),"") | C27: =+IF(A27=1,IF(OR(K27<>29,M27<>$J$5),$F$10,"renouvellement"),"") | D27: =+IF(OR(C27=$F$10,C27=""),"","erreur")
A28: =+IF(E28<>"",1,"") | B28: =+IF(A28=1,IF(YEAR(G28)>=Parametre!$M$7,"Licence Benjamin, Minime, Cadet",IF(YEAR(G28)<=Parametre!$M$4,"licence Sénior","licence Junior")),"") | C28: =+IF(A28=1,IF(OR(K28<>29,M28<>$J$5),$F$10,"renouvellement"),"") | D28: =+IF(OR(C28=$F$10,C28=""),"","erreur")
... A74: =+IF(E74<>"",1,"") | B74: =+IF(A74=1,IF(YEAR(G74)>=Parametre!$M$7,"Licence Benjamin, Minime, Cadet",IF(YEAR(G74)<=Parametre!$M$4,"licence Sénior","licence Junior")),"") | C74: =+IF(A74=1,IF(OR(K74<>29,M74<>$J$5),$F$10,"renouvellement"),"") | D74: =+IF(OR(C74=$F$10,C74=""),"","erreur")

Sheet Duplicatas
E2: MUTATION | I2: MUTATION
E5: CLUB | F5: ='DONNEES CLUB'!$B$5 -> 0 | I5: N° | J5: =+VLOOKUP($F$5,Parametre!A:G,7,FALSE) -> #N/A | N5: Nom et adresse du retour | P5: =VLOOKUP(F5,Parametre!A:G,2,FALSE) -> #N/A
N6: Chez : | P6: =+IF('DONNEES CLUB'!$B$10="",'DONNEES CLUB'!B17,'DONNEES CLUB'!B10) -> #N/A
E7: DATE | F7: =IF('DONNEES CLUB'!B7="","merci de saisir une date dans onglet de club",'DONNEES CLUB'!B7) -> 46057 | N7: adresse | P7: =+IF('DONNEES CLUB'!$B$10="",'DONNEES CLUB'!B18,'DONNEES CLUB'!B11) -> #N/A
P8: =+IF('DONNEES CLUB'!$B$10="",'DONNEES CLUB'!B19,'DONNEES CLUB'!B12) -> #N/A | Q8: =+IF('DONNEES CLUB'!$B$10="",'DONNEES CLUB'!B20,'DONNEES CLUB'!B13) -> #N/A
E10: Feuille | F10: DUPLICATAS
F12: => /!\ A utiliser UNIQUEMENT en cours d'année pour les licenciés ayant déjà une licence dans l'année
A16: nbre de licence | B16: catégorie | C16: Mutation / renouvellement / nouvelle | D16: OK | E16: Nom | F16: Prénom | G16: Date de Naissance | H16: Nationalité | I16: Sexe M ou F | J16: Zone | K16: Département | L16: N° de Licence | M16: N° Club de l'année précédente | N16: Adresse Complète | S16: Mineurs: Date du Questionnaire Santé date : | T16: Mineurs: Date du Questionnaire Santé | U16: année licence | V16: catégorie | W16: CAT | X16: Niveau | Y16: QR QODE PAPIER (P) ou DEMAT (D) | Z16: COURRIEL ou Portable obligatoire | AA16: TITULAIRE d'1 carte MOBILITE INCLUSION pour les personnes en situation d'handicap | AB16: ACCORD PUB | AC16: Atteste avoir lu les inforamations de la CNIL et MMA
A17: =+IF(E17<>"",1,"") | B17: =+IF(A17=1,IF(YEAR(G17)>=Parametre!$M$7,"Licence Benjamin, Minime, Cadet",IF(YEAR(G17)<=Parametre!$M$4,"licence Sénior","licence Junior")),"") | C17: =+IF(A17=1,IF(OR(K17<>29,M17<>$J$5),$F$10,"renouvellement"),"") | D17: =+IF(OR(C17=$F$10,C17=""),"","erreur")
A18: =+IF(E18<>"",1,"") | B18: =+IF(A18=1,IF(YEAR(G18)>=Parametre!$M$7,"Licence Benjamin, Minime, Cadet",IF(YEAR(G18)<=Parametre!$M$4,"licence Sénior","licence Junior")),"") | C18: =+IF(A18=1,IF(OR(K18<>29,M18<>$J$5),$F$10,"renouvellement"),"") | D18: =+IF(OR(C18=$F$10,C18=""),"","erreur")
A19: =+IF(E19<>"",1,"") | B19: =+IF(A19=1,IF(YEAR(G19)>=Parametre!$M$7,"Licence Benjamin, Minime, Cadet",IF(YEAR(G19)<=Parametre!$M$4,"licence Sénior","licence Junior")),"") | C19: =+IF(A19=1,IF(OR(K19<>29,M19<>$J$5),$F$10,"renouvellement"),"") | D19: =+IF(OR(C19=$F$10,C19=""),"","erreur")
A20: =+IF(E20<>"",1,"") | B20: =+IF(A20=1,IF(YEAR(G20)>=Parametre!$M$7,"Licence Benjamin, Minime, Cadet",IF(YEAR(G20)<=Parametre!$M$4,"licence Sénior","licence Junior")),"") | C20: =+IF(A20=1,IF(OR(K20<>29,M20<>$J$5),$F$10,"renouvellement"),"") | D20: =+IF(OR(C20=$F$10,C20=""),"","erreur")
A21: =+IF(E21<>"",1,"") | B21: =+IF(A21=1,IF(YEAR(G21)>=Parametre!$M$7,"Licence Benjamin, Minime, Cadet",IF(YEAR(G21)<=Parametre!$M$4,"licence Sénior","licence Junior")),"") | C21: =+IF(A21=1,IF(OR(K21<>29,M21<>$J$5),$F$10,"renouvellement"),"") | D21: =+IF(OR(C21=$F$10,C21=""),"","erreur")
A22: =+IF(E22<>"",1,"") | B22: =+IF(A22=1,IF(YEAR(G22)>=Parametre!$M$7,"Licence Benjamin, Minime, Cadet",IF(YEAR(G22)<=Parametre!$M$4,"licence Sénior","licence Junior")),"") | C22: =+IF(A22=1,IF(OR(K22<>29,M22<>$J$5),$F$10,"renouvellement"),"") | D22: =+IF(OR(C22=$F$10,C22=""),"","erreur")
A23: =+IF(E23<>"",1,"") | B23: =+IF(A23=1,IF(YEAR(G23)>=Parametre!$M$7,"Licence Benjamin, Minime, Cadet",IF(YEAR(G23)<=Parametre!$M$4,"licence Sénior","licence Junior")),"") | C23: =+IF(A23=1,IF(OR(K23<>29,M23<>$J$5),$F$10,"renouvellement"),"") | D23: =+IF(OR(C23=$F$10,C23=""),"","erreur")
A24: =+IF(E24<>"",1,"") | B24: =+IF(A24=1,IF(YEAR(G24)>=Parametre!$M$7,"Licence Benjamin, Minime, Cadet",IF(YEAR(G24)<=Parametre!$M$4,"licence Sénior","licence Junior")),"") | C24: =+IF(A24=1,IF(OR(K24<>29,M24<>$J$5),$F$10,"renouvellement"),"") | D24: =+IF(OR(C24=$F$10,C24=""),"","erreur")
A25: =+IF(E25<>"",1,"") | B25: =+IF(A25=1,IF(YEAR(G25)>=Parametre!$M$7,"Licence Benjamin, Minime, Cadet",IF(YEAR(G25)<=Parametre!$M$4,"licence Sénior","licence Junior")),"") | C25: =+IF(A25=1,IF(OR(K25<>29,M25<>$J$5),$F$10,"renouvellement"),"") | D25: =+IF(OR(C25=$F$10,C25=""),"","erreur")
A26: =+IF(E26<>"",1,"") | B26: =+IF(A26=1,IF(YEAR(G26)>=Parametre!$M$7,"Licence Benjamin, Minime, Cadet",IF(YEAR(G26)<=Parametre!$M$4,"licence Sénior","licence Junior")),"") | C26: =+IF(A26=1,IF(OR(K26<>29,M26<>$J$5),$F$10,"renouvellement"),"") | D26: =+IF(OR(C26=$F$10,C26=""),"","erreur")
A27: =+IF(E27<>"",1,"") | B27: =+IF(A27=1,IF(YEAR(G27)>=Parametre!$M$7,"Licence Benjamin, Minime, Cadet",IF(YEAR(G27)<=Parametre!$M$4,"licence Sénior","licence Junior")),"") | C27: =+IF(A27=1,IF(OR(K27<>29,M27<>$J$5),$F$10,"renouvellement"),"") | D27: =+IF(OR(C27=$F$10,C27=""),"","erreur")
A28: =+IF(E28<>"",1,"") | B28: =+IF(A28=1,IF(YEAR(G28)>=Parametre!$M$7,"Licence Benjamin, Minime, Cadet",IF(YEAR(G28)<=Parametre!$M$4,"licence Sénior","licence Junior")),"") | C28: =+IF(A28=1,IF(OR(K28<>29,M28<>$J$5),$F$10,"renouvellement"),"") | D28: =+IF(OR(C28=$F$10,C28=""),"","erreur")
... A32: =+IF(E32<>"",1,"") | B32: =+IF(A32=1,IF(YEAR(G32)>=Parametre!$M$7,"Licence Benjamin, Minime, Cadet",IF(YEAR(G32)<=Parametre!$M$4,"licence Sénior","licence Junior")),"") | C32: =+IF(A32=1,IF(OR(K32<>29,M32<>$J$5),$F$10,"renouvellement"),"") | D32: =+IF(OR(C32=$F$10,C32=""),"","erreur")
A33: =+IF(E33<>"",1,"") | B33: =+IF(A33=1,IF(YEAR(G33)>=Parametre!$M$7,"Licence Benjamin, Minime, Cadet",IF(YEAR(G33)<=Parametre!$M$4,"licence Sénior","licence Junior")),"") | C33: =+IF(A33=1,IF(OR(K33<>29,M33<>$J$5),$F$10,"renouvellement"),"") | D33: =+IF(OR(C33=$F$10,C33=""),"","erreur") | M33: =+IF(E33="","",$J$5)
A34: =+IF(E34<>"",1,"") | B34: =+IF(A34=1,IF(YEAR(G34)>=Parametre!$M$7,"Licence Benjamin, Minime, Cadet",IF(YEAR(G34)<=Parametre!$M$4,"licence Sénior","licence Junior")),"") | C34: =+IF(A34=1,IF(OR(K34<>29,M34<>$J$5),$F$10,"renouvellement"),"") | D34: =+IF(OR(C34=$F$10,C34=""),"","erreur") | M34: =+IF(E34="","",$J$5)
A35: =+IF(E35<>"",1,"") | B35: =+IF(A35=1,IF(YEAR(G35)>=Parametre!$M$7,"Licence Benjamin, Minime, Cadet",IF(YEAR(G35)<=Parametre!$M$4,"licence Sénior","licence Junior")),"") | C35: =+IF(A35=1,IF(OR(K35<>29,M35<>$J$5),$F$10,"renouvellement"),"") | D35: =+IF(OR(C35=$F$10,C35=""),"","erreur") | M35: =+IF(E35="","",$J$5)
A36: =+IF(E36<>"",1,"") | B36: =+IF(A36=1,IF(YEAR(G36)>=Parametre!$M$7,"Licence Benjamin, Minime, Cadet",IF(YEAR(G36)<=Parametre!$M$4,"licence Sénior","licence Junior")),"") | C36: =+IF(A36=1,IF(OR(K36<>29,M36<>$J$5),$F$10,"renouvellement"),"") | D36: =+IF(OR(C36=$F$10,C36=""),"","erreur") | M36: =+IF(E36="","",$J$5)

Sheet Verso des Demandes
A2: LEGENDE
A4: N | B4: Nouveau
A5: R | B5: Renouvellement
A6: M | B6: Mutation
A7: D | B7: Duplicata
A8: C M | B8: Certificat Médical éventuel pour les mineurs
A9: QS | B9: Questionnaire Santé : OBLIGATOIRE pour les mineurs
A10: Nat | B10: Nationalité : F (Française), U (Union Européenne), E (Etranger Hors UE)
A11: Sexe | B11: H : Homme F : Femme
A14: Le Président ou représentant : | D14: =+IF('DONNEES CLUB'!B17="",'DONNEES CLUB'!B10,'DONNEES CLUB'!B17) -> #N/A
A15: certifie exactes les informations figurant sur ce bordereau et que TOUS ses adhérents ont bien pris connaissance: - De la possibilité de ne pas souscrire à l'assurance dommages corporels et de son coût; - De l'intêret de souscrire les garanties optionnelles, accidents corporels, correspondant à l'option "avantage" de la compagnie d'Assurance M.M.A conformément à l'article L.321-4 du Code du Sport, par le biais de l'imprimé prévu à cet effet; - Que les informations figurant sur ce formulaire sont exactes et autorise à ce qu’elles fassent l'objet d'un traitement informatique, conformément à la loi du 06/01/1978 modifiée et qu’elles soient utilisées à des fins commerciales. Qu'ils bénéficient d'un droit d'accès, de rectification et d'opposition auprès des services du siège de la F.F.P.J.P. 13 rue trigance 13002 MARSEILLE
A27: SIGNATURE:

Sheet Relevé de facturation
B5: FFPJP - Pétanque
B6: Comité du Finistère
B7: 11, Rue du Père Gwénaël
B9: 29470 PLOUGASTEL DAOULAS
B11: Relevé
F13: =+'DONNEES CLUB'!B5 -> 0
B14: Relevé n° : | E14: Facturer à : | F14: =+VLOOKUP('DONNEES CLUB'!B5,Parametre!$A:$G,2,FALSE) -> #N/A
B15: Date : | C15: =TODAY() -> 46057 | E15: Chez : | F15: =+IF('DONNEES CLUB'!$B$10="",'DONNEES CLUB'!B17,'DONNEES CLUB'!B10) -> #N/A
B16: N° client : | C16: =+C49 -> #N/A | F16: =+IF('DONNEES CLUB'!$B$10="",'DONNEES CLUB'!B18,'DONNEES CLUB'!B11) -> #N/A
F17: =+IF('DONNEES CLUB'!$B$10="",'DONNEES CLUB'!B19,'DONNEES CLUB'!B12) -> #N/A | G17: =+IF('DONNEES CLUB'!$B$10="",'DONNEES CLUB'!B20,'DONNEES CLUB'!B13) -> #N/A
B22: Date | C22: Type | D22: N° de facture | E22: . | F22: nombre | G22: Prix unitaire | H22: montant
C23: Renouvellements | D23: licence Sénior | F23: =+SUMIF('Renouvellements sans carte'!$B$17:$B$1094,Tableau1[[#This Row],[N° de facture]],'Renouvellements sans carte'!$A$17:$A$1094) -> 0 | G23: 33 | H23: =+Tableau1[[#This Row],[Prix unitaire]]*Tableau1[[#This Row],[nombre]] -> 0
C24: sans carte | D24: licence Junior | F24: =+SUMIF('Renouvellements sans carte'!$B$17:$B$1094,Tableau1[[#This Row],[N° de facture]],'Renouvellements sans carte'!$A$17:$A$1094) -> 0 | G24: =+Prixlicencejunior -> 22 | H24: =+Tableau1[[#This Row],[Prix unitaire]]*Tableau1[[#This Row],[nombre]] -> 0
D25: Licence Benjamin, Minime, Cadet | F25: =+SUMIF('Renouvellements sans carte'!$B$17:$B$1094,Tableau1[[#This Row],[N° de facture]],'Renouvellements sans carte'!$A$17:$A$1094) -> 0 | G25: =+pxlicencejeune -> 12 | H25: =+Tableau1[[#This Row],[Prix unitaire]]*Tableau1[[#This Row],[nombre]] -> 0
H26: =+Tableau1[[#This Row],[Prix unitaire]]*Tableau1[[#This Row],[nombre]] -> 0
C27: Renouvellements | D27: licence Sénior | F27: =+SUMIF('Renouvellements avec carte'!$B$17:$B$736,Tableau1[[#This Row],[N° de facture]],'Renouvellements avec carte'!$A$17:$A$736) -> 0 | G27: =+Parametre!$N$11 -> 38 | H27: =+Tableau1[[#This Row],[Prix unitaire]]*Tableau1[[#This Row],[nombre]] -> 0
C28: avec carte | D28: licence Junior | F28: =+SUMIF('Renouvellements avec carte'!$B$17:$B$736,Tableau1[[#This Row],[N° de facture]],'Renouvellements avec carte'!$A$17:$A$736) -> 0 | G28: =+Parametre!$N$12 -> 27 | H28: =+Tableau1[[#This Row],[Prix unitaire]]*Tableau1[[#This Row],[nombre]] -> 0
D29: Licence Benjamin, Minime, Cadet | F29: =+SUMIF('Renouvellements avec carte'!$B$17:$B$736,Tableau1[[#This Row],[N° de facture]],'Renouvellements avec carte'!$A$17:$A$736) -> 0 | G29: =+Parametre!$N$13 -> 17 | H29: =+Tableau1[[#This Row],[Prix unitaire]]*Tableau1[[#This Row],[nombre]] -> 0
H30: =+Tableau1[[#This Row],[Prix unitaire]]*Tableau1[[#This Row],[nombre]] -> 0
C31: Mutations | D31: licence Sénior | F31: =+SUMIF(Mutations!$B$17:$B$74,Tableau1[[#This Row],[N° de facture]],Mutations!$A$17:$A$74) -> 0 | G31: =+prixlicencesenior -> 33 | H31: =+Tableau1[[#This Row],[Prix unitaire]]*Tableau1[[#This Row],[nombre]] -> 0
D32: licence Junior | F32: =+SUMIF(Mutations!$B$17:$B$74,Tableau1[[#This Row],[N° de facture]],Mutations!$A$17:$A$74) -> 0 | G32: =+Prixlicencejunior -> 22 | H32: =+Tableau1[[#This Row],[Prix unitaire]]*Tableau1[[#This Row],[nombre]] -> 0
D33: Licence Benjamin, Minime, Cadet | F33: =+SUMIF(Mutations!$B$17:$B$74,Tableau1[[#This Row],[N° de facture]],Mutations!$A$17:$A$74) -> 0 | G33: =+pxlicencejeune -> 12 | H33: =+Tableau1[[#This Row],[Prix unitaire]]*Tableau1[[#This Row],[nombre]] -> 0
H34: =+Tableau1[[#This Row],[Prix unitaire]]*Tableau1[[#This Row],[nombre]] -> 0
C35: Nouvelles | D35: licence Sénior | F35: =+SUMIF(Nouvelles!$B$17:$B$76,Tableau1[[#This Row],[N° de facture]],Nouvelles!$A$17:$A$76) -> 0 | G35: =+prixlicencesenior -> 33 | H35: =+Tableau1[[#This Row],[Prix unitaire]]*Tableau1[[#This Row],[nombre]] -> 0
D36: licence Junior | F36: =+SUMIF(Nouvelles!$B$17:$B$76,Tableau1[[#This Row],[N° de facture]],Nouvelles!$A$17:$A$76) -> 0 | G36: =+Prixlicencejunior -> 22 | H36: =+Tableau1[[#This Row],[Prix unitaire]]*Tableau1[[#This Row],[nombre]] -> 0
D37: Licence Benjamin, Minime, Cadet | F37: =+SUMIF(Nouvelles!$B$17:$B$76,Tableau1[[#This Row],[N° de facture]],Nouvelles!$A$17:$A$76) -> 0 | G37: =+pxlicencejeune -> 12 | H37: =+Tableau1[[#This Row],[Prix unitaire]]*Tableau1[[#This Row],[nombre]] -> 0
H38: =+Tableau1[[#This Row],[Prix unitaire]]*Tableau1[[#This Row],[nombre]] -> 0
C39: Duplicatas | D39: licence Sénior | F39: =+SUMIF(Duplicatas!$B$17:$B$76,Tableau1[[#This Row],[N° de facture]],Duplicatas!$A$17:$A$76) -> 0 | G39: =+pxduplicatasenior -> 20 | H39: =+Tableau1[[#This Row],[Prix unitaire]]*Tableau1[[#This Row],[nombre]] -> 0
C40: (en cours d'année) | D40: licence Junior | F40: =+SUMIF(Duplicatas!$B$17:$B$76,Tableau1[[#This Row],[N° de facture]],Duplicatas!$A$17:$A$76) -> 0 | G40: =+pxduplicatajeunes -> 10 | H40: =+Tableau1[[#This Row],[Prix unitaire]]*Tableau1[[#This Row],[nombre]] -> 0
D41: Licence Benjamin, Minime, Cadet | F41: =+SUMIF(Duplicatas!$B$17:$B$76,Tableau1[[#This Row],[N° de facture]],Duplicatas!$A$17:$A$76) -> 0 | G41: =+pxduplicatajeune -> 5 | H41: =+Tableau1[[#This Row],[Prix unitaire]]*Tableau1[[#This Row],[nombre]] -> 0
H42: =+Tableau1[[#This Row],[Prix unitaire]]*Tableau1[[#This Row],[nombre]] -> 0
G43: Total | H43: =SUBTOTAL(109,Tableau1[montant]) -> 0
B47: VERSEMENT
B48: Nom du client : | C48: =+F14 -> #N/A
B49: N° club: | C49: =+'Renouvellements sans carte'!J5 -> #N/A
B50: N° du chèque
B51: Date : | C51: =C15 -> 46057
B52: Montant : | C52: =Tableau1[[#Totals],[montant]] -> 0
